 Dungeon Crawl Stone Soup version 0.31.0-9-g3a7656b989 (webtiles) character file.

Game seed: 8146380476992162484

304 qw the Ducker (level 6, -2/30 HPs)
             Began as a Spriggan Hunter on Feb 2, 2024.
             Incinerated by a bombardier beetle (5 damage)
             ... with a burning spray
             ... on level 4 of the Dungeon.
             The game lasted 00:00:05 (1421 turns).

qw the Ducker (Spriggan Hunter)                     Turns: 1421, Time: 00:00:06

Health: -2/30      AC:  2    Str:  7    XL:     6   Next: 15%
Magic:  7/7        EV: 22    Int: 11    God:
Gold:   97         SH:  0    Dex: 20    Spells: 5/5 levels left

rFire   . . .        a - +0 shortbow
rCold   . . .        (shield currently unavailable)
rNeg    . . .        c - +0 robe
rPois   .            (helmet restricted)
rElec   .            (no cloak)
rCorr   .            (gloves unavailable)
SInv    +            (boots unavailable)
Will    +....        h - amulet of the acrobat
Stlth   +            (no ring)
HPRegen 0.25/turn    (no ring)
MPRegen 0.10/turn

%: acrobat
@: on fire, glowing, very quick
A: very small, no large weapons, unfitting armour, see invisible, speed 3
a: no special abilities


You were on level 4 of the Dungeon.
You visited 1 branch of the dungeon, and saw 4 of its levels.

You collected 97 gold pieces.


Innate Abilities, Weirdness & Mutations

You are very small and have problems with some larger weapons.
You are too small for most types of armour.
You have supernaturally acute eyesight. (SInv)
You cover ground extremely quickly. (Speed+++)


   Skills:
 + Level 1.7 Fighting
 - Level 5.6 Ranged Weapons
 - Level 6.7 Dodging
 - Level 1.5 Stealth


You had 5 spell levels left.
You didn't know any spells.
Your spell library was empty.

Inventory:

Hand Weapons
 a - a +0 shortbow (weapon)
Armour
 c - a +0 robe (worn)
Jewellery
 h - an amulet of the acrobat (around neck)
Potions
 g - a potion of resistance
 i - a potion of attraction {unknown}

Dungeon Overview and Level Annotations

Branches:
Dungeon (4/15)
 Temple: D:4-7

Altars:
Fedhas
Nemelex Xobeh

Shops:
D:2 =

Annotations:
D:2 1 runed translucent door, Crazy Yiuf


Message History

The ball python is moderately wounded.
You shoot an arrow. The arrow hits the ball python!
You kill the ball python!
You now have 97 gold pieces (gained 11).
Found a stone staircase leading up.
What level of the Dungeon? (default 3, ? - help)
Found 18 gold pieces.
A bombardier beetle comes into view.
You shoot an arrow.
The arrow hits the bombardier beetle but does no damage.
You shoot an arrow. The arrow hits the bombardier beetle.
The bombardier beetle is lightly wounded.
The bombardier beetle sprays incendiary fluid at you.
The burning spray hits you.
You are covered in liquid fire!
You shoot an arrow. The arrow hits the bombardier beetle.
The bombardier beetle is moderately wounded.
The liquid fire burns you!
You shoot an arrow.
The arrow hits the bombardier beetle but does no damage.
The bombardier beetle is moderately wounded.
The liquid fire burns you!
You shoot an arrow. The arrow hits the bombardier beetle!
The bombardier beetle is severely wounded.
The liquid fire burns you!
You shoot an arrow.
The arrow closely misses the bombardier beetle.
The liquid fire burns you!
The bombardier beetle closely misses you.
You shoot an arrow.
The arrow barely misses the bombardier beetle.
The liquid fire burns you! The bombardier beetle misses you.
You shoot an arrow. The arrow hits the bombardier beetle.
The bombardier beetle is severely wounded.
The liquid fire burns you!
You shoot an arrow. The arrow hits the bombardier beetle.
The bombardier beetle is almost dead.
The liquid fire burns you!
You die...

##.### ## #...# ..###
#######.# ..$####
.....##.###......#####.
.##.......##..........
#........#..#..........
###..###.[.............
##. #..#............ #
##.#.#..@...<...
%...###.B...... ......
..#....$.
......#####....##
........ .....
#######.. ###.. ### #


You could see a bombardier beetle.

Vanquished Creatures
  Sigmund (D:2)
  An ogre (D:2)
  2 adders (D:2)
  2 bats (D:1)
  An endoplasm (D:2)
  2 giant cockroaches
  6 hobgoblins
  8 kobolds
  4 quokkas
  6 ball pythons
  2 frilled lizards
  5 rats
40 creatures vanquished.

Notes
Turn   | Place    | Note
-------+----------+-------------------------------------------
     0 | D:1      | qw the Spriggan Hunter began the quest for the Orb.
     0 | D:1      | Reached XP level 1. HP: 10/10 MP: 2/2
     0 | D:1      | 0 ||| qw: Version: 0.3-a-155-g5e7d8dd
     0 | D:1      | 0 ||| qw: Game counter: 2424
     0 | D:1      | 0 ||| qw: Melee chars always use a shield: true
     0 | D:1      | 0 ||| qw: God list: Okawaru
     0 | D:1      | 0 ||| qw: Allow faded altars: false
     0 | D:1      | 0 ||| qw: Do Orc after clearing Dungeon:15 true
     0 | D:1      | 0 ||| qw: Do second Lair branch before Depths: true
     0 | D:1      | 0 ||| qw: Lair rune preference: random
     0 | D:1      | 0 ||| qw: Goals: Normal
     0 | D:1      | 0 ||| PLANNING D:1-11
    65 | D:1      | Reached skill level 3 in Dodging
   246 | D:1      | Reached XP level 2. HP: 14/14 MP: 3/3
   303 | D:1      | Found a faded altar of an unknown god.
   371 | D:1      | Reached skill level 4 in Dodging
   517 | D:1      | 517 ||| READING scroll labelled NIOTAE QAELE.
   518 | D:1      | 518 ||| DROPPING scroll of butterflies.
   564 | D:2      | 564 ||| STAIRDANCE
   669 | D:2      | Reached XP level 3. HP: 18/18 MP: 4/4
   708 | D:2      | Found a sparkling altar of Nemelex Xobeh.
   728 | D:2      | Found Ubrafoj's Jewellery Shop.
   733 | D:2      | Noticed an ogre
   740 | D:2      | HP: 4/18 [ogre/+0 giant club (14)]
   742 | D:2      | Killed an ogre
   743 | D:2      | Reached XP level 4. HP: 6/22 MP: 5/5
   813 | D:2      | 813 ||| SHOPLISTING +5 ring of evasion (432 gold, have 50).
   813 | D:2      | 813 ||| SHOPLISTING ring of fire (300 gold, have 50).
   813 | D:2      | 813 ||| SHOPLISTING ring of ice (300 gold, have 50).
   813 | D:2      | 813 ||| SHOPLISTING ring of poison resistance (240 gold,
                  | have 50).
   813 | D:2      | 813 ||| SHOPLISTING ring of resist corrosion (240 gold,
                  | have 50).
   813 | D:2      | 813 ||| SHOPLISTING ring of the Burgomaster {+Blink MP-9
                  | Int+6 Dex+5 Stlth+} (532 gold, have 50).
   970 | D:2      | Noticed Sigmund
   972 | D:2      | 972 ||| FLEEEEING.
   984 | D:2      | 984 ||| DRINKING fuming grey potion.
   985 | D:2      | 985 ||| DRINKING cyan potion.
   986 | D:2      | Killed Sigmund
   987 | D:2      | Reached skill level 6 in Dodging
   987 | D:2      | Reached XP level 5. HP: 20/25 MP: 6/6
   987 | D:2      | Reached XP level 6. HP: 24/30 MP: 7/7
  1160 | D:2      | Identified the +5 dagger of Ylenod {flame, rC+ Will- Dex+6}
  1178 | D:2      | Found a runed translucent door.
  1179 | D:2      | Noticed Crazy Yiuf
  1305 | D:2      | 1305 ||| UPGRADING to amulet of the acrobat.
  1310 | D:2      | 1310 ||| READING 2 scrolls labelled LYOX RAIFYOSCH.
  1310 | D:2      | 1310 ||| IDENTIFYING fuming clear potion
  1311 | D:2      | 1311 ||| READING scroll of identify.
  1311 | D:2      | 1311 ||| IDENTIFYING glowing white potion
  1312 | D:2      | 1312 ||| READING scroll labelled JENAONI CAHUA.
  1313 | D:2      | 1313 ||| DRINKING 2 grey potions.
  1314 | D:2      | 1314 ||| DROPPING potion of lignification.
  1315 | D:2      | 1315 ||| DROPPING potion of degeneration.
  1350 | D:3      | Found a blossoming altar of Fedhas.
  1380 | D:3      | You fall into a shaft and drop 1 floor!
  1403 | D:4      | Identified the +0 leather armour "Hapt" {rElec rN++ Str-5}
  1419 | D:4      | HP: 7/30 [burnt (3)]
  1420 | D:4      | HP: 3/30 [burnt (4)]
  1421 | D:4      | Incinerated by a bombardier beetle

Levels and vault maps discovered:
D:1:      dpeg_arrival_three_bigger_balls, layout_rooms,
          dreamdust_ecumenical_altar_statues, chequers_serial_rivers_micro_b
D:2:      layout_basic, serial_forest, infiniplex_forest_clump_curved,
          infiniplex_forest_straight_2, infiniplex_forest_clump_tiny,
          infiniplex_forest_straight_4, infiniplex_forest_lined_room_3,
          basic_altar, serial_shops, shop, uniq_sigmund, uniq_crazy_yiuf_cottage
D:3:      layout_basic, mainiacjoe_overflow_concentric_impassable, uniq_robin
D:4:      layout_rooms, nicolae_shop_vocational

Skill      XL: |  1  2  3  4 |
---------------+-------------+-----
Dodging        | 3 4 6 |  6.7
Ranged Weapons | 5 |  5.6
Fighting       | |  1.7
Stealth        | |  1.5

Action                     |  1- 3 |  4- 6 || total
---------------------------+-------+-------++-------
   Fire: Shortbow          |    74 |    43 ||   117
    Use: Scroll            |     1 |     3 ||     4
         Potion            |       |     3 ||     3
 Armour: Robe              |    14 |     2 ||    16
  Dodge: Dodged            |    31 |     8 ||    39

Table legend:
 A = Non-vault XP
 B = Vault XP
 C = Vault XP percentage of total XP
 D = Non-vault monster count
 E = Vault monster count
 F = Vault count percentage of total count
                 A         B        C        D         E       F
            +---------+---------+-------+---------+---------+-------
      Total |     196 |     239 |  54.9 |      39 |       1 |   2.5
            +---------+---------+-------+---------+---------+-------
        D:1 |      21 |       0 |   0.0 |      13 |       0 |   0.0
        D:2 |     167 |     239 |  58.9 |      21 |       1 |   4.5
        D:3 |       5 |       0 |   0.0 |       3 |       0 |   0.0
        D:4 |       3 |       0 |   0.0 |       2 |       0 |   0.0
            +---------+---------+-------+---------+---------+-------
